 Dungeon Crawl Stone Soup version 0.25-a0-523-g9afb2ee040 (webtiles) character file.

Game seed: 7806054622915817315, levelgen mode: classic

6 EnegeticOcto the Shield-Bearer (level 1, -2/20 HPs)
             Began as a Deep Dwarf Fighter on Feb 18, 2020.
             Killed by nerve-wracking pain
             ... invoked by an orc priest
              (5 damage)
             ... on level 3 of the Dungeon.
             The game lasted 00:00:08 (110 turns).

EnegeticOcto the Shield-Bearer (Deep Dwarf Fighter)  Turns: 110, Time: 00:00:08

Health: -2/20      AC:  6    Str: 19    XL:     1   Next: 75%
Magic:  0/0        EV:  7    Int:  8    God:
Gold:   9          SH:  9    Dex: 12    Spells: 0/0 levels left

rFire    . . .     SeeInvis .   a - +0 war axe
rCold    . . .     Gourm    .   c - +0 kite shield
rNeg     . . .     Faith    .   b - +0 scale mail
rPois    .         Spirit   .   (no helmet)
rElec    .         Reflect  .   (no cloak)
rCorr    .         Harm     .   (no gloves)
MR       .....                  (no boots)
Stlth    ..........             (no amulet)
HPRegen  0.00/turn              (no ring)
MPRegen  0.07/turn              (no ring)

@: lethally poisoned (-2 -> -2), non-regenerating
A: damage resistance, heal wounds, sense surroundings 1, no regeneration
a: Heal Wounds


You were on level 3 of the Dungeon.
You were not hungry.

You visited 1 branch of the dungeon, and saw 3 of its levels.

You collected 9 gold pieces.

Inventory:

Hand Weapons
 a - a +0 war axe (weapon)
Armour
 b - a +0 scale mail (worn)
 c - a +0 kite shield (worn)
Jewellery
 d - a cursed -2 ring of strength {unknown}
Scrolls
 g - a scroll of teleportation {unknown}
Potions
 k - a potion of might {@q3}
Comestibles
 e - a ration
 f - 4 chunks of flesh


   Skills:
 * Level 2.8 Fighting
 * Level 2.4 Axes
 + Level 3.3 Armour
 + Level 0.3 Dodging
 + Level 3.3 Shields


You couldn't memorise any spells.
You didn't know any spells.
Your spell library was empty.

Dungeon Overview and Level Annotations

Branches:
Dungeon (3/15)

Altars:


Innate Abilities, Weirdness & Mutations

You are resistant to damage.
You can heal yourself by infusing magical energy.
You passively map a small area around you.
You do not regenerate.


Message History

A goblin comes into view. It is wielding a +0 club.
A goblin is nearby!
You barely miss the goblin. The goblin hits you with a +0 club.
You block the goblin's attack.
You closely miss the goblin. The goblin hits you with a +0 club.
You closely miss the goblin. The goblin completely misses you.
The goblin hits you but does no damage.
You slash the goblin!
You kill the goblin!
No target in view!
No target in view!
No target in view!
No target in view!
Found a ring mail.
Things that are here:
a +0 club; a goblin corpse You butcher the goblin corpse.
f - 4 chunks of flesh (gained 1)
Things that are here:
a +0 club; a goblin skeleton
Things that are here:
a +0 club; a goblin skeleton
Found a stone staircase leading down.
A giant cockroach comes into view.
You block the giant cockroach's attack.
You see here a scroll labeled ZECIRI WOOBEIS.
You closely miss the giant cockroach.
The giant cockroach bites you but does no damage.
You block the giant cockroach's attack.
You hit the giant cockroach.
The giant cockroach is heavily wounded.
The giant cockroach barely misses you.
The giant cockroach bites you but does no damage.
You hit the giant cockroach but do no damage.
The giant cockroach is heavily wounded.
The giant cockroach barely misses you. You block the giant cockroach's attack.
You hit the giant cockroach.
You kill the giant cockroach!
No target in view!
No target in view!
No target in view!
No target in view!
No target in view!
No target in view!
No target in view!
No target in view!
(D) Dungeon
Where to? (Enter - D:2, ? - help)
There is a stone staircase leading down here.
You climb downwards.
A kobold, 2 orcs, 2 orc priests and an orc wizard come into view.
The kobold is quivering 7 poisoned darts.
The orc shouts!
The orc priest shouts!
The orc shouts!
The orc wizard shouts!
You hear a bark!
Found a stone staircase leading down.
There is a stone staircase leading up here.
You feel much better.
The orc priest hits you but does no damage.
You hit the orc priest but do no damage.
The orc priest miscasts a cantrip.
The kobold throws a poisoned dart.
The poisoned dart hits you!
You are poisoned.
You hit the orc.
The orc is lightly wounded.
The orc wizard mumbles some strange words.
The orc wizard flickers and vanishes!
Deactivating autopickup; reactivate with Ctrl-A.
The orc priest calls down the wrath of Beogh upon you.
Beogh smites you!
Ouch! That really hurt!
The orc hits you.
The orc priest calls upon Beogh to heal the orc.
The orc's wounds heal themselves!
You are too injured to fight recklessly!
You are too injured to fight recklessly!
You are too injured to fight recklessly!
You are too injured to fight recklessly!
You are too injured to fight recklessly!
You are too injured to fight recklessly!
You are too injured to fight recklessly!
You are too injured to fight recklessly!
You are too injured to fight recklessly!
Your magical essence is drained by the effort!
You feel much better. You block the orc's attack.
The orc priest invokes the aid of Beogh against you.
Beogh smites you!
Ouch! That really hurt!
You don't have enough innate magic capacity.
You hit the orc priest.
The orc priest is moderately wounded.
You closely miss the orc. You closely miss the orc priest.
You closely miss something.
The kobold throws a poisoned dart.
The poisoned dart barely misses you. Something hits you but does no damage.
The orc priest mumbles some strange prayers to Beogh against you.
Beogh smites you!
* * * LOW HITPOINT WARNING * * *
The orc hits you.
The orc priest invokes the aid of Beogh against you.
Pain shoots through your body!
You die...

, * #.* ... ,*
#. ###... ,
####.##....#,
, ,
#....K.....# *
,
#.......>.###
#............
,
#...o.o..####*
#....@o......
,,
####.(o#.#..#
** ##### * **
* , ,


You could see 2 orc priests, 2 orcs and a kobold.

Vanquished Creatures
  A bat (D:1)
  A giant cockroach (D:2)
  2 goblins
  A rat (D:1)
5 creatures vanquished.

Notes
Turn   | Place    | Note
-------+----------+-------------------------------------------
     0 | D:1      | EnegeticOcto the Deep Dwarf Fighter began the quest for the
                  | Orb.
     0 | D:1      | Reached XP level 1. HP: 20/20 MP: 1/1
   105 | D:3      | Noticed an orc priest
   105 | D:3      | Noticed an orc priest
   105 | D:3      | Noticed an orc wizard
   110 | D:3      | Killed from afar by an orc priest

Levels and vault maps discovered:
D:1:      nicolae_arrival_memento_mori, layout_basic
D:2:      layout_loops_corners, chequers_serial_rivers_small_3,
          minmay_rat_gold_closets
D:3:      layout_rooms, fedhas_altar_4

Action                   || total
-------------------------++-------
Melee: War axe           ||    24
 Abil: Heal Wounds       ||     2
Armor: Scale mail        ||    16
Dodge: Dodged            ||    11
Block: Kite shield       ||    17

Table legend:
 A = Non-vault XP
 B = Vault XP
 C = Vault XP percentage of total XP
 D = Non-vault monster count
 E = Vault monster count
 F = Vault count percentage of total count
                 A         B        C        D         E       F
            +---------+---------+-------+---------+---------+-------
      Total |       9 |       0 |   0.0 |       5 |       0 |   0.0
            +---------+---------+-------+---------+---------+-------
        D:1 |       5 |       0 |   0.0 |       3 |       0 |   0.0
        D:2 |       4 |       0 |   0.0 |       2 |       0 |   0.0
            +---------+---------+-------+---------+---------+-------
